Map: World of Sleepers LE

Players

Bly

  • Race: Zerg Zerg
  • Spawn Location: 7:00

Cham - Winner!

  • Race: Zerg Zerg
  • Spawn Location: 1:00

VOD

Have the link to the VOD?

Description

Time

  • Played on: Sept. 6, 2019, 5:45 p.m.
  • Length: 15:07
Show
View Real Time Build Order
Export as new Build Order

Bly Zerg 

Build Orders: 1 Base Baneling Bust, Pool First, Zergling Baneling 

Get SALT Encoding   

  12  0:18  Spawning Pool  
  11  0:21  Drone  
  11  0:27  Drone  
  13  0:31  Drone  
  14  0:41  Extractor  
  13  0:42  Overlord  
  13  1:04  Zergling x4  
  13  1:06  Zergling x2  
  16  1:15  Zergling x2  
  17  1:26  Zergling x2, Baneling Nest  
  17  1:37  Zergling x2  
  18  1:47  Zergling x2  
  18  1:52  Hatchery  
  18  2:01  Drone  
  19  2:10  Baneling x2  
  19  2:12  Drone  
  20  2:21  Baneling x2  
  20  2:23  Drone  
  19  2:38  Drone  
  20  2:47  Queen  
  20  2:55  Drone x2  
  20  3:03  Queen  
  20  3:05  Drone x2  
  24  3:17  Zergling x4  
  26  3:26  Zergling x2  
  27  3:28  Overlord  
  27  3:39  Baneling  
  27  3:40  Metabolic Boost  
  27  3:47  Baneling x2  
  27  3:52  Zergling x8  
  31  3:57  Drone  
  31  3:58  Drone x2  
  34  4:03  Baneling  
  34  4:07  Drone  
  35  4:14  Overlord  
  35  4:22  Drone  
  36  4:24  Overlord  
  36  4:35  Drone x5  
  41  4:46  Drone x5  
  46  4:54  Drone x2  
  46  4:55  Drone  
  49  5:02  Lair  
  48  5:10  Baneling x2  
  48  5:13  Baneling x3  
  48  5:16  Zergling x8  
  48  5:18  Extractor  
  48  5:19  Extractor  
  50  5:25  Roach Warren  
  49  5:32  Drone  
  49  5:33  Drone x2  
  49  5:35  Overlord, Extractor  
  52  5:42  Drone  
  52  5:43  Overlord  
  52  5:47  Overlord  
  52  5:48  Hatchery  
  51  5:53  Drone x3  
  51  5:55  Drone  
  53  6:08  Drone x6  
  57  6:18  Spire  
  55  6:26  Overseer  
  55  6:34  Roach x6  
  67  6:48  Overlord  
  67  6:54  Baneling x2  
  67  7:00  Overlord, Drone x4  
  70  7:10  Unknown  
  70  7:15  Baneling x4  
  69  7:21  Queen  
  69  7:22  Drone x2  
  73  7:23  Drone  
  73  7:36  Mutalisk x5  
  80  7:38  Overlord  
  78  7:45  Zergling x16  
  78  7:50  Zergling x2  
  78  7:51  Mutalisk  
  87  7:54  Overlord x3, Zerg Flyer Weapons Level 1  
  89  8:03  Overlord  
  89  8:07  Baneling  
  89  8:17  Drone x7  
  78  8:45  Queen x2  
  78  8:47  Mutalisk x8  
  95  8:51  Mutalisk  
  94  9:08  Mutalisk x2  
  94  9:09  Zergling x8  
  102  9:22  Spore Crawler  
  101  9:29  Mutalisk x3  
  107  9:31  Zergling x10  
  112  9:40  Mutalisk  
  112  9:41  Mutalisk  
  110  9:56  Mutalisk x2  
  110  9:58  Zergling x2  
  110  9:59  Zergling x14  
  104  10:14  Mutalisk x3  
  89  10:20  Mutalisk  
  90  10:25  Zergling x6  
  86  10:46  Mutalisk x4  
  87  10:58  Mutalisk x2  
  87  11:02  Queen x2  
  92  11:07  Mutalisk x2  
  92  11:10  Zergling x14  
  98  11:19  Mutalisk x2  
  102  11:28  Overlord  
  102  11:39  Mutalisk x3  
  75  11:53  Drone x4  
  75  11:54  Drone x3  
  74  12:01  Drone  
  74  12:02  Drone  
  70  12:09  Drone x2  
  66  12:22  Drone x2  
  68  12:29  Drone x2  
  70  12:35  Drone x2  
  67  12:51  Mutalisk x3  
  70  13:07  Spore Crawler  
  70  13:09  Mutalisk x2  
  70  13:10  Mutalisk  
  76  13:20  Drone x5  
  76  13:22  Drone  
  81  13:42  Mutalisk x3  
  87  13:53  Infestation Pit  
  86  14:01  Zergling x2  
  87  14:03  Zergling x2  
  87  14:09  Hatchery  
  87  14:16  Mutalisk x2  
  91  14:18  Mutalisk  
  85  14:41  Drone x6  
  85  14:42  Drone  
  85  14:43  Baneling  
Show
View Real Time Build Order
Export as new Build Order

Cham Zerg - Winner!

Build Orders: Hatch First 

Get SALT Encoding   

  12  0:01  Drone  
  13  0:08  Drone  
  14  0:16  Overlord  
  14  0:34  Drone  
  14  0:35  Drone  
  16  0:47  Hatchery  
  15  0:52  Drone  
  16  0:57  Drone  
  17  1:10  Spawning Pool  
  16  1:11  Drone  
  16  1:13  Extractor  
  16  1:17  Drone  
  17  1:20  Drone  
  18  1:30  Drone  
  19  1:56  Zergling x2  
  19  1:57  Zergling x2  
  19  1:58  Queen  
  19  1:59  Zergling x2, Queen  
  26  2:01  Spine Crawler  
  26  2:07  Zergling x2  
  25  2:30  Zergling x2  
  25  2:34  Zergling x4  
  19  2:39  Zergling x2  
  20  2:47  Zergling x2  
  20  2:50  Zergling x2  
  22  2:51  Zergling x2  
  22  2:58  Drone  
  22  3:01  Drone  
  23  3:09  Metabolic Boost  
  22  3:17  Drone  
  23  3:23  Drone  
  23  3:26  Drone x2  
  26  3:29  Drone  
  27  3:35  Drone  
  27  3:44  Drone  
  28  3:50  Overlord  
  28  3:52  Overlord  
  28  3:59  Overlord  
  28  4:07  Queen  
  31  4:10  Drone x2  
  31  4:12  Drone  
  33  4:18  Zergling x2  
  33  4:21  Zergling x4  
  33  4:25  Spine Crawler  
  33  4:27  Zergling x2  
  33  4:31  Zergling x2  
  33  4:35  Drone x2  
  36  4:40  Drone  
  37  4:46  Drone x3  
  37  4:50  Evolution Chamber  
  37  4:51  Drone  
  40  4:59  Baneling Nest  
  39  5:01  Drone  
  39  5:04  Drone  
  40  5:09  Drone x3  
  40  5:11  Drone  
  43  5:17  Drone  
  43  5:19  Lair  
  44  5:22  Extractor  
  44  5:23  Zergling x2  
  44  5:27  Drone  
  45  5:33  Drone  
  45  5:43  Baneling x2  
  45  5:46  Drone x4  
  49  5:50  Zergling x2, Extractor  
  49  5:52  Extractor  
  49  5:53  Zergling x2  
  49  5:55  Zergling x4, Drone  
  49  5:56  Overlord  
  52  6:05  Overlord  
  52  6:07  Drone  
  52  6:10  Zerg Melee Weapons Level 1  
  52  6:14  Drone  
  52  6:15  Drone  
  52  6:16  Overlord  
  52  6:17  Drone  
  54  6:25  Overlord  
  53  6:26  Drone  
  53  6:27  Zergling x4  
  53  6:32  Zergling x2  
  57  6:33  Spire  
  57  6:34  Zergling x2  
  57  6:41  Hatchery  
  57  6:43  Drone  
  57  6:46  Zergling x4  
  59  6:51  Zergling x8  
  63  6:57  Zergling x4  
  63  6:58  Zergling x2  
  65  7:14  Overlord  
  65  7:15  Zergling x8  
  69  7:19  Overlord  
  69  7:21  Zergling x4  
  71  7:23  Zergling x4  
  69  7:39  Overlord  
  69  7:40  Drone  
  69  7:43  Drone  
  71  7:44  Mutalisk  
  71  7:49  Drone x3  
  76  7:52  Drone x2  
  76  7:53  Mutalisk x2  
  76  7:55  Zerg Flyer Armor Level 1  
  81  7:59  Extractor  
  81  8:00  Mutalisk x2  
  81  8:02  Extractor  
  81  8:04  Mutalisk  
  81  8:05  Mutalisk  
  87  8:08  Mutalisk  
  89  8:17  Mutalisk  
  84  8:20  Mutalisk  
  84  8:23  Overlord  
  84  8:25  Drone x2  
  86  8:29  Zergling x2  
  86  8:30  Zergling x2, Mutalisk  
  86  8:31  Zergling x4  
  91  8:34  Drone  
  88  8:41  Mutalisk  
  88  8:43  Mutalisk  
  88  8:46  Drone  
  88  8:47  Drone x2  
  95  8:51  Mutalisk  
  95  8:52  Drone  
  95  8:55  Drone  
  98  9:02  Mutalisk  
  98  9:03  Mutalisk  
  98  9:09  Mutalisk  
  103  9:11  Drone x2  
  103  9:16  Spore Crawler, Mutalisk  
  106  9:23  Mutalisk  
  108  9:24  Drone x2  
  108  9:25  Zergling x6  
  113  9:33  Overlord x2  
  113  9:41  Overlord x3  
  113  9:51  Mutalisk x4  
  108  9:56  Mutalisk  
  108  9:58  Zergling x4  
  107  10:00  Mutalisk  
  107  10:05  Mutalisk  
  103  10:10  Zergling x2, Mutalisk  
  103  10:11  Zergling x2  
  97  10:15  Queen  
  97  10:18  Zergling x2, Mutalisk  
  102  10:22  Mutalisk  
  102  10:24  Zergling x2  
  105  10:30  Zerg Flyer Weapons Level 1  
  105  10:33  Zergling x2  
  105  10:34  Zergling x8  
  102  10:45  Mutalisk  
  102  10:46  Mutalisk  
  102  10:47  Mutalisk  
  102  10:48  Zergling x4  
  108  10:53  Mutalisk  
  108  10:54  Zergling x2  
  108  10:57  Zergling x2  
  112  11:01  Mutalisk  
  112  11:03  Queen x2  
  118  11:06  Mutalisk  
  118  11:11  Mutalisk  
  117  11:16  Zergling x4  
  121  11:19  Zergling x2, Mutalisk  
  124  11:29  Mutalisk  
  122  11:35  Mutalisk  
  122  11:36  Mutalisk  
  112  11:40  Zergling x2  
  112  11:43  Spore Crawler  
  112  11:44  Spore Crawler  
  112  11:45  Mutalisk  
  112  11:46  Spore Crawler  
  98  11:50  Mutalisk  
  98  11:54  Mutalisk  
  94  11:55  Zergling x4  
  94  12:00  Mutalisk  
  95  12:01  Zergling x2, Spore Crawler  
  95  12:04  Zergling x4  
  95  12:06  Mutalisk  
  94  12:09  Zergling x2  
  94  12:13  Mutalisk  
  94  12:14  Zergling x2  
  96  12:19  Mutalisk  
  98  12:24  Mutalisk  
  98  12:25  Zergling x2  
  98  12:26  Zergling x2  
  102  12:35  Mutalisk  
  104  12:39  Mutalisk  
  104  12:43  Zergling x2, Queen  
  104  12:44  Queen x2  
  107  12:50  Mutalisk x2  
  115  13:02  Mutalisk x2  
  115  13:05  Spore Crawler  
  113  13:06  Spore Crawler x2  
  113  13:11  Spore Crawler  
  105  13:13  Mutalisk  
  105  13:14  Zergling x4  
  105  13:19  Mutalisk  
  108  13:21  Mutalisk  
  108  13:26  Mutalisk  
  112  13:29  Zergling x4  
  116  13:34  Mutalisk  
  116  13:35  Zergling x4  
  116  13:39  Mutalisk  
  122  13:55  Overlord x2, Hatchery  
  121  14:09  Overlord  
  121  14:15  Mutalisk x2  
  125  14:18  Mutalisk  
  125  14:19  Unknown  
  125  14:22  Mutalisk  
  128  14:27  Mutalisk  
  128  14:30  Mutalisk  
  132  14:38  Mutalisk  
  127  14:42  Zergling x6  
Tags
 
Add a new tag
Caveats
  • Supply blocks, unpowered buildings, or Contaminate may cause inaccurate times.
  • Supply counts are checked every 10 seconds.